[ AOE2 MATCH · #479200329 ]
UnrankedSpanish vs Bulgarians
Player's team · LOSS
[ REPLAY ANALYSIS · EXTRACTED FROM THE RECORDED GAME ]
Feudal
—
Castle
—
Imperial
—
| APM avg | 21.0 |
| APM peak | 51 |
| eAPM avg | 18.6 |
| Villagers / military | 158 / 417 |
Focus
⚔️ 53.4% · 🌾 46.6%
Spearman ×208 · Skirmisher ×73 · Hand Cannoneer ×59 · Bombard Cannon ×19 · Conquistador ×15 · Knight ×13
Feudal
10:49
Castle
16:10
Imperial
41:31
| APM avg | 25.4 |
| APM peak | 81 |
| eAPM avg | 17.8 |
| Villagers / military | 167 / 560 |
Focus
⚔️ 45.9% · 🌾 54.1%
Spearman ×232 · Scout Cavalry ×169 · Militia ×67 · Scorpion ×43 · Battering Ram ×27 · Petard ×10
Match map
Initial resources + every placement click. Lines = walls · curves = elevation contours. ◆ gold · ⬟ stone · ● berries · ✦ relic · ◌ wall gap
Your base· ✓ Closed at 20:28 · 4t walls · 2 gate(s)
vladtheimpalerofyourmom's base· ✓ Closed at 16:10 · 0t walls · 2 gate(s)
Smoothed initial terrain · ◌ = detected wall gap · hover for details
Inputs per minute
— Kayx87 - - vladtheimpalerofyourmom
Build order — Kayx87
First 150 of 788 actions detected
| 0:03 | Create | Villager (Male) |
| 0:03 | Create | Villager (Male) |
| 0:04 | Create | Villager (Male) |
| 0:04 | Create | Villager (Male) |
| 0:04 | Create | Villager (Male) |
| 0:05 | Research | Loom |
| 0:13 | Build | House |
| 0:14 | Build | House |
| 0:19 | Build | House |
| 0:20 | Build | House |
| 1:47 | Create | Villager (Male) |
| 1:47 | Create | Villager (Male) |
| 1:58 | Build | Lumber Camp |
| 2:19 | Create | Villager (Male) |
| 2:19 | Create | Villager (Male) |
| 2:52 | Create | Villager (Male) |
| 2:52 | Create | Villager (Male) |
| 3:07 | Create | Villager (Male) |
| 3:08 | Create | Villager (Male) |
| 3:24 | Create | Villager (Male) |
| 3:25 | Create | Villager (Male) |
| 3:55 | Create | Villager (Male) |
| 3:56 | Create | Villager (Male) |
| 4:36 | Create | Villager (Male) |
| 4:36 | Create | Villager (Male) |
| 4:47 | Build | Mill |
| 5:03 | Create | Villager (Male) |
| 5:03 | Create | Villager (Male) |
| 5:27 | Create | Villager (Male) |
| 5:27 | Create | Villager (Male) |
| 5:47 | Create | Villager (Male) |
| 5:47 | Create | Villager (Male) |
| 5:58 | Create | Villager (Male) |
| 5:59 | Create | Villager (Male) |
| 6:28 | Create | Villager (Male) |
| 6:28 | Create | Villager (Male) |
| 6:28 | Create | Villager (Male) |
| 7:12 | Create | Villager (Male) |
| 8:19 | Create | Villager (Male) |
| 8:41 | Research | Feudal Age |
| 8:58 | Build | Mining Camp |
| 9:57 | Build | Mill |
| 11:05 | Create | Villager (Male) |
| 11:06 | Create | Villager (Male) |
| 11:07 | Create | Villager (Male) |
| 11:11 | Research | Double-Bit Axe |
| 11:16 | Research | Gold Mining |
| 11:28 | Build | Barracks |
| 11:44 | Build | House |
| 11:45 | Build | House |
| 11:51 | Build | House |
| 11:53 | Build | House |
| 13:00 | Create | Villager (Male) |
| 13:00 | Create | Villager (Male) |
| 13:19 | Create | Spearman |
| 13:19 | Create | Spearman |
| 13:31 | Create | Spearman |
| 13:51 | Build | Farm |
| 13:52 | Build | Farm |
| 13:53 | Build | Farm |
| 13:54 | Build | Farm |
| 13:55 | Build | Farm |
| 14:06 | Build | Farm |
| 14:22 | Create | Villager (Male) |
| 14:23 | Create | Villager (Male) |
| 14:23 | Create | Villager (Male) |
| 14:23 | Create | Villager (Male) |
| 14:23 | Create | Villager (Male) |
| 14:33 | Build | Farm |
| 14:55 | Create | Spearman |
| 15:07 | Build | Stone Wall |
| 15:07 | Build | Stone Wall |
| 15:10 | Build | Outpost |
| 15:14 | Build | Outpost |
| 15:39 | Create | Spearman |
| 15:39 | Create | Spearman |
| 15:49 | Build | Farm |
| 15:49 | Build | Farm |
| 16:00 | Build | Farm |
| 16:00 | Build | Farm |
| 16:01 | Build | Farm |
| 16:09 | Build | Farm |
| 16:10 | Build | Farm |
| 16:10 | Build | Farm |
| 16:14 | Create | Villager (Male) |
| 16:31 | Create | Spearman |
| 16:32 | Create | Spearman |
| 16:36 | Create | Villager (Male) |
| 16:36 | Create | Villager (Male) |
| 16:48 | Build | Farm |
| 16:49 | Build | Farm |
| 16:50 | Build | Farm |
| 17:05 | Build | Farm |
| 17:11 | Create | Villager (Male) |
| 17:11 | Create | Villager (Male) |
| 17:24 | Build | Mining Camp |
| 17:49 | Build | Stone Wall |
| 17:50 | Build | Stone Wall |
| 17:52 | Build | Outpost |
| 18:05 | Build | House |
| 18:06 | Build | House |
| 18:19 | Create | Villager (Male) |
| 18:20 | Create | Villager (Male) |
| 18:33 | Create | Villager (Male) |
| 18:38 | Create | Spearman |
| 18:38 | Create | Spearman |
| 18:50 | Build | Archery Range |
| 19:18 | Build | Outpost |
| 19:19 | Build | Outpost |
| 19:40 | Create | Villager (Male) |
| 19:40 | Create | Villager (Male) |
| 19:50 | Build | Stable |
| 20:18 | Research | Stone Mining |
| 20:28 | Research | Castle Age |
| 20:55 | Build | Outpost |
| 21:02 | Build | Outpost |
| 21:04 | Build | Outpost |
| 21:08 | Build | Outpost |
| 21:14 | Build | Outpost |
| 21:18 | Build | Outpost |
| 21:31 | Create | Spearman |
| 21:32 | Create | Spearman |
| 23:40 | Create | Villager (Male) |
| 23:40 | Create | Villager (Male) |
| 23:41 | Create | Villager (Male) |
| 23:41 | Create | Villager (Male) |
| 23:41 | Create | Villager (Male) |
| 23:41 | Create | Villager (Male) |
| 23:54 | Create | Knight |
| 23:54 | Create | Knight |
| 23:59 | Create | Knight |
| 23:59 | Create | Knight |
| 24:20 | Build | Castle |
| 24:26 | Research | Pikeman (upgrade) |
| 24:27 | Create | Spearman |
| 24:27 | Create | Spearman |
| 25:15 | Create | Villager (Male) |
| 25:15 | Create | Villager (Male) |
| 25:43 | Create | Villager (Male) |
| 25:43 | Create | Villager (Male) |
| 25:43 | Create | Villager (Male) |
| 25:50 | Research | Squires |
| 26:06 | Build | Town Center |
| 26:11 | Create | Villager (Male) |
| 26:12 | Create | Villager (Male) |
| 26:12 | Create | Villager (Male) |
| 26:12 | Create | Villager (Male) |
| 26:35 | Build | Lumber Camp |
| 26:41 | Create | Conquistador |
| 26:41 | Create | Conquistador |
Build order — vladtheimpalerofyourmom
First 150 of 555 actions detected
| 0:03 | Create | Villager (Male) ×4 |
| 0:03 | Create | Villager (Male) ×4 |
| 0:08 | Build | House |
| 0:12 | Build | House |
| 1:31 | Create | Villager (Male) |
| 1:31 | Create | Villager (Male) |
| 2:17 | Create | Villager (Male) |
| 2:17 | Create | Villager (Male) |
| 2:17 | Create | Villager (Male) |
| 3:05 | Create | Villager (Male) |
| 3:05 | Create | Villager (Male) |
| 3:06 | Create | Villager (Male) |
| 3:26 | Build | House |
| 3:27 | Build | House |
| 3:44 | Build | Lumber Camp |
| 4:08 | Create | Villager (Male) ×3 |
| 5:19 | Create | Villager (Male) |
| 5:19 | Create | Villager (Male) |
| 5:19 | Create | Villager (Male) |
| 6:02 | Build | Mill |
| 6:18 | Create | Villager (Male) |
| 6:18 | Create | Villager (Male) |
| 6:19 | Create | Villager (Male) |
| 6:19 | Create | Villager (Male) |
| 6:51 | Build | Mill |
| 7:13 | Create | Villager (Male) |
| 7:13 | Create | Villager (Male) |
| 8:39 | Research | Feudal Age |
| 8:39 | Research | Feudal Age |
| 8:59 | Build | Mining Camp |
| 9:26 | Create | Villager (Male) |
| 9:27 | Create | Villager (Male) |
| 10:49 | Age | Feudal Age |
| 10:56 | Build | House |
| 11:16 | Build | Market |
| 11:37 | Create | Villager (Male) |
| 12:02 | Create | Villager (Male) |
| 12:57 | Create | Villager (Male) |
| 13:04 | Build | Blacksmith |
| 13:30 | Research | Castle Age |
| 13:30 | Research | Castle Age |
| 13:45 | Research | Horse Collar |
| 13:57 | Build | Farm |
| 13:59 | Build | Farm |
| 14:00 | Build | Farm |
| 14:02 | Build | Farm |
| 14:03 | Build | Farm |
| 14:06 | Build | Farm |
| 14:29 | Build | Farm |
| 14:42 | Build | Farm |
| 15:17 | Research | Double-Bit Axe |
| 15:28 | Build | Farm |
| 15:29 | Build | Farm |
| 16:10 | Age | Castle Age |
| 16:46 | Build | Krepost |
| 16:55 | Create | Villager (Male) |
| 17:10 | Build | Town Center |
| 17:35 | Create | Villager (Male) |
| 17:53 | Research | Stone Mining |
| 18:02 | Create | Villager (Male) |
| 18:20 | Research | Bow Saw |
| 18:34 | Create | Villager (Male) |
| 18:44 | Build | Farm |
| 19:13 | Build | Krepost |
| 19:19 | Create | Villager (Male) |
| 19:19 | Create | Villager (Male) |
| 19:42 | Create | Villager (Male) |
| 19:42 | Create | Villager (Male) |
| 19:52 | Build | Farm |
| 19:53 | Build | Farm |
| 19:55 | Build | Farm |
| 20:00 | Create | Villager (Male) |
| 20:10 | Build | Farm |
| 20:13 | Create | Villager (Male) |
| 20:13 | Create | Villager (Male) |
| 20:30 | Create | Villager (Male) |
| 20:31 | Create | Villager (Male) |
| 20:51 | Build | Krepost |
| 20:55 | Build | Mining Camp |
| 20:58 | Create | Villager (Male) |
| 20:58 | Create | Villager (Male) |
| 21:09 | Build | Farm |
| 21:22 | Create | Villager (Male) |
| 21:23 | Create | Villager (Male) |
| 21:32 | Build | Farm |
| 21:55 | Build | Stone Wall |
| 22:02 | Create | Villager (Male) |
| 22:02 | Create | Villager (Male) |
| 22:08 | Research | Heavy Plow |
| 22:40 | Create | Villager (Male) |
| 22:41 | Create | Villager (Male) |
| 22:44 | Create | Konnik |
| 22:44 | Create | Konnik |
| 23:04 | Build | Watch Tower |
| 23:12 | Create | Villager (Male) |
| 23:12 | Create | Villager (Male) |
| 23:17 | Create | Konnik |
| 23:42 | Create | Villager (Male) |
| 23:42 | Create | Villager (Male) |
| 24:12 | Build | Town Center |
| 24:15 | Create | Villager (Male) |
| 24:15 | Create | Villager (Male) |
| 24:30 | Build | Siege Workshop |
| 24:36 | Create | Villager (Male) |
| 24:37 | Research | Wheelbarrow |
| 24:38 | Create | Villager (Male) |
| 24:45 | Build | Lumber Camp |
| 25:31 | Create | Villager (Male) |
| 25:31 | Create | Villager (Male) |
| 25:32 | Create | Villager (Male) |
| 25:39 | Research | Scale Mail Armor |
| 25:40 | Research | Forging |
| 25:49 | Build | Barracks |
| 25:52 | Build | Barracks |
| 26:00 | Create | Villager (Male) |
| 26:01 | Create | Villager (Male) |
| 26:01 | Create | Villager (Male) |
| 26:24 | Create | Villager (Male) |
| 26:24 | Create | Villager (Male) |
| 26:31 | Build | Farm |
| 26:32 | Build | Farm |
| 26:36 | Create | Villager (Male) |
| 26:37 | Create | Villager (Male) |
| 26:44 | Research | Fletching |
| 27:06 | Create | Villager (Male) |
| 27:06 | Create | Villager (Male) |
| 27:06 | Create | Villager (Male) |
| 27:15 | Create | Battering Ram |
| 27:23 | Create | Spearman |
| 27:24 | Create | Militia |
| 27:41 | Build | House |
| 27:42 | Build | House |
| 27:45 | Build | House |
| 27:46 | Build | House |
| 27:47 | Build | House |
| 27:50 | Build | House |
| 27:53 | Create | Villager (Male) |
| 27:53 | Create | Villager (Male) |
| 27:54 | Create | Villager (Male) |
| 27:59 | Create | Spearman |
| 28:00 | Create | Militia |
| 28:06 | Create | Battering Ram |
| 28:23 | Build | Krepost |
| 28:32 | Create | Villager (Male) |
| 28:32 | Create | Villager (Male) |
| 28:32 | Create | Villager (Male) |
| 28:38 | Research | Bodkin Arrow |
| 28:52 | Build | Town Center |
| 28:56 | Build | Farm |
| 28:56 | Build | Farm |
Match timeline
| 10:49 | vladtheimpalerofyourmom · age_up feudal |
| 11:28 | Kayx87 · first_building Barracks |
| 15:07 | Kayx87 · wall_segment Stone Wall x1 |
| 15:07 | Kayx87 · wall_segment Stone Wall x1 |
| 16:10 | vladtheimpalerofyourmom · age_up castle |
| 16:46 | vladtheimpalerofyourmom · first_building Krepost |
| 17:49 | Kayx87 · wall_segment Stone Wall x1 |
| 17:50 | Kayx87 · wall_segment Stone Wall x1 |
| 18:50 | Kayx87 · first_building Archery Range |
| 19:50 | Kayx87 · first_building Stable |
| 21:55 | vladtheimpalerofyourmom · wall_segment Stone Wall x1 |
| 23:57 | vladtheimpalerofyourmom · first_market_buy 100 stone |
| 24:20 | Kayx87 · first_building Castle |
| 24:30 | vladtheimpalerofyourmom · first_building Siege Workshop |
| 25:49 | vladtheimpalerofyourmom · first_building Barracks |
| 28:31 | Kayx87 · first_building Monastery |
| 32:41 | Kayx87 · first_building Siege Workshop |
| 35:39 | vladtheimpalerofyourmom · first_building Stable |
| 39:02 | vladtheimpalerofyourmom · first_building Monastery |
| 41:31 | vladtheimpalerofyourmom · age_up imperial |
| 43:44 | vladtheimpalerofyourmom · first_building Castle |
| 49:35 | Kayx87 · wall_segment Stone Wall x16 |
| 50:04 | Kayx87 · wall_segment Stone Wall x11 |
| 64:24 | vladtheimpalerofyourmom · first_market_sell 500 wood |
| 70:02 | vladtheimpalerofyourmom · wall_segment Stone Wall x9 |
| 70:08 | vladtheimpalerofyourmom · wall_segment Stone Wall x5 |
| 70:13 | vladtheimpalerofyourmom · wall_segment Stone Wall x10 |
| 70:37 | vladtheimpalerofyourmom · wall_segment Stone Wall x21 |
| 74:51 | vladtheimpalerofyourmom · wall_segment Stone Wall x10 |
| 77:37 | vladtheimpalerofyourmom · wall_segment Stone Wall x3 |
| 78:25 | Kayx87 · resign |
[ AI ANALYSIS · 1 CREDIT ]
What really happened in this match?
Wolo.gg analyzes every decision: build order, eco, micro, common mistakes by bracket. Personalized analysis on WhatsApp or Discord in 30 seconds.
Civ guide
Spanish
Perfil
Jugador #2136012